 Dungeon Crawl Stone Soup version 0.31-a0-145-g046c7d2549 (webtiles) character file.

Game seed: 6504252975240000923

58240 Gargoyl the Severer (level 14, -23/141 HPs)
             Began as a Gargoyle Berserker on June 7, 2023.
             Was a High Priest of Trog.
             Killed from afar by Frances (33 damage)
             ... with a shard of ice
             ... on level 12 of the Dungeon.
             The game lasted 00:19:58 (13862 turns).

Gargoyl the Severer (Gargoyle Berserker)           Turns: 13862, Time: 00:19:58

Health: -23/141    AC: 32    Str: 21    XL:     14   Next: 89%
Magic:  14/14      EV:  9    Int:  9    God:    Trog [*****.]
Gold:   844        SH:  0    Dex: 19    Spells: 13/13 levels left

rFire   + . .        E - +9 executioner's axe "Pipper" {flame, rF+ Will+}
rCold   . . .        (shield currently unavailable)
rNeg    + . .        j - +0 plate armour
rPois   ∞            (helmet restricted)
rElec   +            s - +0 cloak
rCorr   .            d - +0 pair of gloves
SInv    .            z - +1 pair of boots
Will    ++...        c - amulet of regeneration Stlth
                     b - ring "Omigg" {rPois Dex+6}
HPRegen 1.23/turn    (no ring)
MPRegen 0.14/turn

%: no passive effects
@: berserking, flying, very quick
A: sickness immunity, AC +10, big wings, negative energy resistance 1,
electricity resistance, torment resistance 1, petrification resistance, antennae
1, claws 1
a: Renounce Religion, Berserk, Trog's Hand, Brothers in Arms


You were on level 12 of the Dungeon.
You worshipped Trog.
Trog was extremely pleased with you.
You visited 2 branches of the dungeon, and saw 17 of its levels.
You also visited: Sewer.

You collected 940 gold pieces.
You spent 96 gold pieces at shops.

Inventory:

Hand Weapons
 a - a +5 hand axe of draining
 D - a +4 scimitar
 E - the +9 executioner's axe "Pipper" (weapon) {flame, rF+ Will+}
   (Trog gifted it to you on level 2 of the Lair of Beasts)

   rF:        It protects you from fire.
   Will:      It increases your willpower.
 G - a +2 vampiric broad axe
Missiles
 l - 27 poisoned darts (quivered)
 w - 8 throwing nets
Armour
 d - a +0 pair of gloves (worn)
 e - a +2 helmet
 j - a +0 plate armour (worn)
 s - a +0 cloak (worn)
 z - a +1 pair of boots (worn)
Jewellery
 b - the ring "Omigg" (left hand) {rPois Dex+6}
   (You acquired it on level 4 of the Dungeon)

   [ring of dexterity]

   Dex:       It affects your dexterity (+6).
   rPois:     It protects you from poison.
 c - an amulet of regeneration (around neck)
Wands
 p - a wand of flame (21)
 v - a wand of roots (6)
 B - a wand of charming (3)
 F - a wand of acid (4)
 H - a wand of polymorph (4)
Scrolls
 i - 17 scrolls of teleportation
 k - a scroll of identify
 m - 2 scrolls of blinking
 n - a scroll of poison
 J - 2 scrolls of magic mapping
Potions
 f - 5 potions of curing
 g - 2 potions of haste
 h - 5 potions of heal wounds
 o - 3 potions of enlightenment
 q - 4 potions of cancellation
 r - 2 potions of might
 u - a potion of berserk rage
 I - a potion of ambrosia
Miscellaneous
 y - a piece from Xom's chessboard (15/15)


   Skills:
 + Level 13.2 Fighting
 + Level 17.7 Axes
 + Level 0.9 Throwing
 + Level 13.3 Armour
 + Level 3.4 Dodging
 + Level 1.1 Stealth


You had 13 spell levels left.
You didn't know any spells.
Your spell library was empty.

Dungeon Overview and Level Annotations

Branches:
Dungeon (12/15)            Temple (0/1) D:5            Lair (5/5) D:9
  Swamp (0/4) Lair:2        Snake (0/4) Lair:2        Slime (0/5) Lair:4
  Sewer (visited)
    Orc: D:9-12

Altars:
Makhleb
Trog
Vehumet

Shops:
D:11 ?

Annotations:
D:12 Frances
Lair:1 1 transporter


Innate Abilities, Weirdness & Mutations

You are immune to sickness and miasma.
Your stone body is resilient. (AC +10)
You are immune to poison.
Your large and strong wings let you fly.
You resist negative energy. (rN+)
You are resistant to electric shocks. (rElec)
You are resistant to unholy torment.
You are immune to petrification.
You have a pair of small antennae on your head.
You have sharp fingernails.


Message History

Frances is moderately wounded.
Frances hits you but does no damage.
Frances hits you with a +1 dire flail of holy wrath!
You hit Frances. You burn Frances.
Frances is moderately wounded.
Frances hits you but does no damage.
You barely miss Frances.
Frances is moderately wounded.
Frances mutters in a terrible tongue.
The shard of ice hits you. Frances hits you but does no damage.
You closely miss Frances.
Frances is moderately wounded.
Frances barely misses you.
You barely miss Frances.
Frances is moderately wounded.
Frances hits you with a +1 dire flail of holy wrath.
Frances hits you with a +1 dire flail of holy wrath!!
You hit Frances. You burn Frances.
Frances is heavily wounded.
Frances misses you.
You slash Frances! You burn Frances!
Frances is heavily wounded.
Frances screams a word of power!
The shard of ice hits you!!
Frances hits you with a +1 dire flail of holy wrath.
You slice Frances like a ripe choko!!! You burn Frances.
Frances is almost dead.
Frances barely misses you.
A red film seems to cover your vision as you go berserk!
You feel yourself moving faster!
You feel mighty!
Frances whispers indecipherable words.
The shard of ice hits you but does no damage.
Frances screams a word of power!
The shard of ice hits you!!!
* * * LOW HITPOINT WARNING * * *
You closely miss Frances.
Frances is almost dead.
Frances chants phrases taken from a devil's mouth.
The shard of ice hits you!!
You die...

#.##.# #.##.# #####.##.#
#........# #...[....#
........# #####....#
########
.###........#####.......
.......@.##.............
.......@.########.......
.............?..........
#........##########.....
.......... .............
######.############.....
#. #.<... ## #.....
##+###


You could see Frances (fast).

Vanquished Creatures
  The ghost of Beaer the Marksant, a journeyman FoHu of Okawaru (Lair:5)
  Harold (D:9)
  4 catoblepae
  A boulder beetle (Lair:3)
  7 hydras
  4 two-headed ogres
  3 death yaks (Lair:5)
  3 skysharks
  A lindwurm (Lair:4)
  An ugly thing (D:11)
  2 cyclopes
  2 manticores (Lair:5)
  5 torpor snails
  20 elephants
  3 black mambas
  10 cane toads
  A gargoyle (D:11)
  7 komodo dragons
  3 rime drakes
  7 polar bears
  2 trolls
  Prince Ribbit (D:5)
  2 hornets (Lair:5)
  9 dream sheep
  7 blink frogs
  6 slime creatures
  A water elemental (D:11)
  Sigmund (D:6)
  3 wyverns
  A wraith (D:7)
  50 yaks
  3 basilisks
  8 vampire mosquitoes (D:11)
  2 steam dragons
  Edmund (D:6)
  An acid dragon (D:10)
  14 water moccasins
  2 hell hounds (Lair:1)
  2 ice beasts (D:7)
  A sky beast (D:6)
  4 black bears
  3 ogres
  7 wolves
  4 centaurs
  11 kobold brigands
  Blork the orc (D:5)
  2 gnoll sergeants
  8 bullfrogs
  4 scorpions
  14 wights
  29 killer bees
  3 howler monkeys
  4 electric eels
  4 hounds
  2 jellies
  Crazy Yiuf (D:5)
  8 orc priests
  4 sleepcaps
  Terence (D:3)
  2 gnoll boudas
  4 iguanas
  7 orc wizards
  2 hell rats (Lair:2)
  10 adders
  23 gnolls
  A shadow imp (D:8)
  4 white imps
  5 worms
  2 dart slugs
  17 orcs
  8 ball pythons
  9 endoplasms
  8 giant cockroaches
  8 goblins
  3 hobgoblins
  6 jackals (D:2)
  10 quokkas
  2 bats
  2 frilled lizards
  34 kobolds
  9 rats
493 creatures vanquished.

Vanquished Creatures (collateral kills)
  A hydra (Lair:2)
  2 boulder beetles
  4 hell rats (Lair:2)
7 creatures vanquished.

Grand Total: 500 creatures vanquished

Notes
Turn   | Place    | Note
-------+----------+-------------------------------------------
     0 | D:1      | Gargoyl the Gargoyle Berserker began the quest for the Orb.
     0 | D:1      | Reached XP level 1. HP: 14/14 MP: 1/1
    58 | D:1      | Reached XP level 2. HP: 12/19 MP: 2/2
   329 | D:1      | Reached skill level 3 in Axes
   590 | D:1      | Reached XP level 3. HP: 24/24 MP: 3/3
   740 | D:2      | Reached ** piety under Trog
   756 | D:2      | You fall into a shaft and drop 2 floors!
   758 | D:4      | Identified a scroll of acquirement
   758 | D:4      | Acquired the ring "Omigg" {rPois Dex+6}
   823 | D:4      | Reached skill level 4 in Axes
   823 | D:4      | Reached XP level 4. HP: 29/29 MP: 4/4
   914 | D:4      | Reached XP level 5. HP: 31/33 MP: 5/5
  1029 | D:4      | Identified the +2 leather armour of the Lion {Contam Fly
                  | rC+++ Stlth+}
  1096 | D:3      | Noticed Terence
  1106 | D:3      | Killed Terence
  1148 | D:4      | Found a glowing drain.
  1165 | Sewer    | Entered a sewer
  1186 | Sewer    | Noticed a kobold brigand
  1200 | Sewer    | Killed a kobold brigand
  1201 | Sewer    | Reached skill level 5 in Axes
  1201 | Sewer    | Reached XP level 6. HP: 38/38 MP: 6/6
  1318 | Sewer    | Reached XP level 7. HP: 44/44 MP: 7/7
  1561 | Sewer    | Reached skill level 6 in Axes
  2249 | D:2      | Reached *** piety under Trog
  2617 | D:3      | Reached skill level 5 in Fighting
  3267 | D:5      | Entered Level 5 of the Dungeon
  3315 | D:5      | Reached XP level 8. HP: 48/49 MP: 8/8
  3337 | D:5      | Reached skill level 7 in Axes
  3348 | D:5      | Noticed Prince Ribbit
  3399 | D:5      | Killed Prince Ribbit
  3400 | D:5      | Reached skill level 5 in Armour
  3452 | D:5      | Found a staircase to the Ecumenical Temple.
  3773 | D:5      | Found a bloodstained altar of Trog.
  3782 | D:5      | Noticed Blork the orc
  3792 | D:5      | Killed Blork the orc
  3793 | D:5      | Reached skill level 8 in Axes
  3856 | D:5      | Reached XP level 9. HP: 20/55 MP: 9/9
  4177 | D:5      | Found a runed translucent door.
  4178 | D:5      | Noticed Crazy Yiuf
  4184 | D:5      | Killed Crazy Yiuf
  4240 | D:6      | Gained mutation: You occasionally lose the ability to drink
                  | potions when taking damage. [potion of mutation]
  4240 | D:6      | Gained mutation: You are agile. (Dex +4, Str/Int -1)
                  | [potion of mutation]
  4240 | D:6      | Gained mutation: You have sharp toenails. [potion of
                  | mutation]
  4293 | D:6      | Noticed Sigmund
  4299 | D:6      | Killed Sigmund
  4702 | D:6      | Noticed Edmund
  4711 | D:6      | Reached skill level 9 in Axes
  4711 | D:6      | Killed Edmund
  5356 | D:7      | Reached skill level 10 in Axes
  5377 | D:7      | Reached XP level 10. HP: 61/61 MP: 10/10
  5415 | D:7      | Noticed a two-headed ogre
  5437 | D:7      | Killed a two-headed ogre
  5456 | D:7      | Identified the staff of cold "Kieff" {rC+ Str+6}
  5457 | D:7      | Identified the +0 short sword of Pomaxaor {venom, rF+++
                  | Int+4 Stlth-}
  5460 | D:7      | Identified the +4 scimitar of Idoosap {heavy, rElec rF-
                  | Str+3 Dex+3}
  5674 | D:7      | Identified the staff of cold "Timef" {rC+ SInv}
  6151 | D:8      | Found a radiant altar of Vehumet.
  6156 | D:8      | Noticed a cyclops
  6177 | D:8      | Killed a cyclops
  6178 | D:8      | Reached skill level 11 in Axes
  6535 | D:8      | Reached **** piety under Trog
  6921 | D:8      | Reached XP level 11. HP: 68/68 MP: 11/11
  7324 | D:9      | Found a staircase to the Lair.
  7452 | D:9      | Noticed Harold
  7465 | D:9      | Reached skill level 12 in Axes
  7475 | D:9      | Killed Harold
  7612 | D:9      | Reached ***** piety under Trog
  7792 | D:10     | Entered Level 10 of the Dungeon
  8057 | D:10     | Noticed a two-headed ogre
  8063 | D:10     | Killed a two-headed ogre
  8095 | D:10     | Noticed a two-headed ogre
  8118 | D:10     | Killed a two-headed ogre
  8119 | D:10     | Reached skill level 10 in Armour
  8534 | Lair:1   | Entered Level 1 of the Lair of Beasts
  8565 | Lair:1   | Reached skill level 13 in Axes
  8594 | Lair:1   | Reached XP level 12. HP: 77/77 MP: 12/12
  8624 | Lair:1   | Noticed a boulder beetle
  8637 | Lair:1   | Killed a boulder beetle
  8638 | Lair:1   | Reached skill level 10 in Fighting
  8766 | Lair:1   | Found a transporter.
  9571 | Lair:2   | Noticed a skyshark
  9597 | Lair:2   | Killed a skyshark
  9621 | Lair:2   | Identified the +9 executioner's axe "Pipper" {flame, rF+
                  | Will+} (Trog gifted it to you on level 2 of the Lair of
                  | Beasts)
  9621 | Lair:2   | Received a gift from Trog
  9647 | Lair:2   | Found a staircase to the Snake Pit.
  9690 | Lair:2   | Reached skill level 14 in Axes
  9703 | Lair:2   | You fall into a shaft and drop 2 floors!
  9812 | Lair:2   | Found a staircase to the Swamp.
  9860 | Lair:2   | Noticed a boulder beetle
  9869 | Lair:2   | Killed a boulder beetle
  9884 | Lair:2   | Noticed a four-headed hydra
  9892 | Lair:2   | Killed a three-headed hydra
  9893 | Lair:2   | Reached XP level 13. HP: 53/84 MP: 13/13
 10679 | Lair:3   | Reached skill level 15 in Axes
 11253 | Lair:4   | Found a staircase to the Slime Pits.
 11601 | Lair:4   | Reached skill level 16 in Axes
 11969 | Lair:5   | Entered Level 5 of the Lair of Beasts
 12023 | Lair:5   | Gained mutation: Your large and strong wings let you fly.
                  | [Gargoyle growth]
 12023 | Lair:5   | Reached XP level 14. HP: 92/92 MP: 14/14
 12031 | Lair:5   | Found a runed translucent gate.
 12039 | Lair:5   | Found a runed translucent gate.
 12039 | Lair:5   | Noticed Beaer's ghost (journeyman FoHu)
 12045 | Lair:5   | Reached skill level 1 in Stealth
 12058 | Lair:5   | Found a runed translucent gate.
 12320 | Lair:5   | Reached skill level 17 in Axes
 12774 | Lair:5   | Killed Beaer's ghost
 12783 | Lair:5   | Identified the ring of the King {Ice Str+8}
 13036 | D:11     | Lost mutation: You are agile. (Dex +4, Str/Int -1) [potion
                  | of mutation]
 13036 | D:11     | Lost mutation: You have sharp toenails. [potion of
                  | mutation]
 13036 | D:11     | Gained mutation: You have a pair of small antennae on your
                  | head. [potion of mutation]
 13036 | D:11     | Gained mutation: Your spells are a little harder to cast,
                  | but a little more powerful. [potion of mutation]
 13037 | D:11     | Lost mutation: Your spells are a little harder to cast, but
                  | a little more powerful. [potion of mutation]
 13037 | D:11     | Lost mutation: You occasionally lose the ability to drink
                  | potions when taking damage. [potion of mutation]
 13037 | D:11     | Gained mutation: You have sharp fingernails. [potion of
                  | mutation]
 13120 | D:11     | Received a gift from Trog
 13357 | D:11     | Found Dazue's Magic Scroll Shoppe.
 13364 | D:11     | Bought a scroll of teleportation for 48 gold pieces
 13364 | D:11     | Bought a scroll of teleportation for 48 gold pieces
 13415 | D:11     | Found a burning altar of Makhleb.
 13847 | D:12     | Noticed Frances
 13862 | D:12     | Killed from afar by Frances

Illustrated notes

Levels and vault maps discovered:
D:1:      dpeg_arrival_prison, layout_basic
D:2:      layout_rooms, kennysheep_generic_room_11
D:3:      layout_basic, uniq_terence
D:4:      layout_loops_cross, gup_sewer_entry_pipe
D:5:      layout_loops_ring, mainiacjoe_overflow_paths,
          minmay_temple_entry_offerings, uniq_prince_ribbit1,
          uniq_crazy_yiuf_cottage, uniq_blork_the_orc
D:6:      layout_basic, amcnicky_mini_rare_corridor_liquid, roderic_lattice_a,
          nrook_loot_triangle, uniq_sigmund, uniq_edmund
D:7:      minmay_the_grid_triangle_9x9_rhombus_thin
          [minmay_the_grid_triangle_9x9_windchime,
          minmay_the_grid_triangle_9x9_prize_insulated,
          minmay_the_grid_triangle_9x9_thin_v,
          minmay_the_grid_triangle_9x9_steps], layout_basic, serial_curves,
          eino_curves_04, eino_curves_01
D:8:      layout_layer_cave, mainiacjoe_overflow_tiny_flanked, minmay_hedge_maze
D:9:      layout_roguey, david_lair_generic, uniq_harold
D:10:     layout_basic
D:11:     layout_basic, serial_shops, nicolae_shop_stone, chequers_big_river,
          bloody_makhleb
D:12:     layout_basic, david_orc_3, uniq_kirke, uniq_frances
Lair:1:   gammafunk_cloud_chamber, layout_cave_pods, enter_volcano_3,
          serial_bayou_pond_d, infiniplex_staircase_pool, grunt_megastairs_5
Lair:2:   layout_gridlike, swamp_mist_pool, dummy_snake_entry
Lair:3:   layout_hall_layers, grunt_megastairs_4, infiniplex_staircase_pool_2
Lair:4:   layout_loops_ring, slime_entry_1, cheibrodos_lair_lostbears
Lair:5:   hangedman_lair_in_review, layout_long_grid, gammafunk_ghost_split

Skill      XL: |  1  2  3  4  5  6  7  8  9 10 11 12 13 14 |
---------------+-------------------------------------------+-----
Axes           | 3 4 5 6 8 10 11 13 14 16 17 | 17.7
Armour         | 3 4 5 7 9 10 11 12 13 | 13.3
Dodging        | 2 3 |  3.4
Fighting       | 4 5 6 8 9 11 12 13 | 13.2
Stealth        | 1 |  1.1
Throwing       | |  0.9

Action                     |  1- 3 |  4- 6 |  7- 9 | 10-12 | 13-15 || total
---------------------------+-------+-------+-------+-------+-------++-------
  Melee: Hand axe          |   129 |   134 |   366 |   614 |       ||  1243
         Punch             |     2 |       |     5 |     9 |       ||    16
         Kick              |       |       |    25 |    34 |       ||    59
         Executioner's axe |       |       |       |     1 |   298 ||   299
  Throw: Dart              |       |       |       |     4 |       ||     4
 Invoke: Berserk           |       |     2 |     6 |     7 |     6 ||    21
         Trog's Hand       |       |     2 |     3 |     7 |       ||    12
         Brothers in Arms  |       |       |       |     2 |       ||     2
    Use: Scroll            |     3 |     3 |    12 |     6 |    11 ||    35
         Potion            |       |       |     1 |       |     2 ||     3
   Stab: Petrified         |       |       |       |       |     1 ||     1
 Armour: Animal skin       |    36 |       |       |       |       ||    36
         Chain mail        |    33 |    82 |    91 |       |       ||   206
         Plate armour      |       |       |   137 |   547 |   396 ||  1080
  Dodge: Dodged            |    77 |    55 |   137 |   300 |   190 ||   759

Table legend: (Time is in decaauts)
 A = Elapsed time spent in this place.
 B = Non-inter-level travel time spent in this place.
 C = Inter-level travel time spent in this place.
 D = Time resting spent in this place.
 E = Time spent auto-exploring this place.
 F = Levels seen in this place.
 G = Mean time per level.
                   A        B        C        D        E       F      G
               +--------+--------+--------+--------+--------+-----+--------+
         Total |  14117 |  13240 |    877 |    162 |   9528 |  18 |  784.3 |
       Dungeon |   8794 |   8111 |    683 |    112 |   5808 |  12 |  732.8 |
          Lair |   4355 |   4161 |    194 |     50 |   3183 |   5 |  871.0 |
         Sewer |    966 |    966 |      0 |      0 |    537 |   1 |  966.0 |
               +--------+--------+--------+--------+--------+-----+--------+

Top non-repeatable levels by time:
     D:5: 1077 daAuts
  Lair:2: 991 daAuts
   Sewer: 966 daAuts
     D:8: 948 daAuts
  Lair:1: 897 daAuts
     D:7: 887 daAuts
    D:11: 887 daAuts
  Lair:5: 880 daAuts
     D:6: 847 daAuts
  Lair:4: 806 daAuts
     D:4: 789 daAuts
  Lair:3: 779 daAuts
     D:3: 725 daAuts
    D:10: 722 daAuts
     D:9: 720 daAuts
